 Dungeon Sprint DCSS version 0.22-a0-185-ge330310 (webtiles) character file.

60 Ghella the Covert (level 3, 0/16 HPs)
             Began as a Spriggan Enchanter on Feb 15, 2018.
             Succumbed to a worker ant's poison
             ... while paralysed
             ... in the Dungeon (Sprint IV: "Fedhas' Mad Dash").
             The game lasted 00:00:32 (200 turns).

Ghella the Covert (Spriggan Enchanter)               Turns: 200, Time: 00:00:33

Health: 0/16       AC:  2    Str:  4    XL:     3   Next: 80%
Magic:  9/9        EV:  4    Int: 16    God:
Gold:   16         SH:  0    Dex: 17    Spells: 9/10 levels left

rFire    . . .     SeeInvis +   a - +1 dagger
rCold    . . .     Gourm    .   (shield restricted)
rNeg     . . .     Faith    .   b - +0 robe
rPois    .         Spirit   .   (helmet restricted)
rElec    .         Reflect  .   (no cloak)
rCorr    .         Harm     .   (gloves unavailable)
MR       .....     NoTele   +   (boots unavailable)
Stlth    ++++......             (no amulet)
HPRegen  0.05/turn              (no ring)
MPRegen  0.11/turn              (no ring)

@: paralysed, lethally poisoned (0 -> -11), berserk cooldown, slowed, very quick
A: very small, unfitting armour, see invisible, herbivore, speed 3, slow
metabolism 2
a: no special abilities


You were in the Dungeon.
You were not hungry.

You visited 1 branch You collected 16 gold pieces.

Inventory:

Hand Weapons
 a - a +1 dagger (weapon)
Armour
 b - a +0 robe (worn)
Scrolls
 j - a scroll of blinking
Potions
 e - a potion of curing
 f - a potion of heal wounds
 g - a potion of haste
 h - 2 potions of magic
Books
 c - a book of Maledictions

   Spells                             Type                      Level
   a - Corona                         Hexes                        1
   b - Ensorcelled Hibernation        Hexes/Ice                    2
   c - Confuse                        Hexes                        3
   d - Tukima's Dance                 Hexes                        3
   e - Dazzling Spray                 Conjuration/Hexes            3
Comestibles
 d - a ration


   Skills:
 + Level 1.1 Short Blades
 + Level 4.2 Dodging
 * Level 9.3 Stealth
 + Level 4.0 Spellcasting
 + Level 6.2 Hexes


You had 9 spell levels left.
You knew the following spells:

 Your Spells              Type           Power        Failure   Level  Hunger
a - Corona                Hex            ###....      1%          1    None


Dungeon Overview and Level Annotations

Branches:
Dungeon (1/1)

Altars:


Innate Abilities, Weirdness & Mutations

You are very small and have problems with some larger weapons.
You are too small for most types of armour.
You have supernaturally acute eyesight. (SInv)
You are a herbivore.
You cover ground extremely quickly.
You need consume almost no food.


Message History

The worker ant is severely wounded.
The worker ant bites you.
* * * LOW HITPOINT WARNING * * *
You puncture the worker ant!
You kill the worker ant!
Your Dodging skill increases to level 4!
Your Stealth skill increases to level 9!
Your Spellcasting skill increases to level 4!
Your Hexes skill increases to level 6!
* * * LOW HITPOINT WARNING * * *
You feel sick.
You see here 9 gold pieces.
You feel a strong urge to attack something.
You see here 12 gold pieces.
You are no longer berserk.
You pass out from exhaustion.
You feel yourself slow down.
* * * LOW HITPOINT WARNING * * *
You feel sick.
You die...

##################
#<..P#.....#.$$$@#
#PP..'.....'.#().+
#PPPP#.....#.#"..#
###############+##


There were no monsters in sight!

Vanquished Creatures
  An oklob sapling (D)
  A worker ant (D)
  A river rat (D)
  A rat (D)
4 creatures vanquished.

Notes
Turn   | Place    | Note
-------+----------+-------------------------------------------
     0 | D        | Ghella the Spriggan Enchanter began the quest for the Orb.
     0 | D        | Reached XP level 1. HP: 9/9 MP: 5/5
     8 | D        | Reached skill level 6 in Stealth
     8 | D        | Reached XP level 2. HP: 13/13 MP: 7/7
   183 | D        | Noticed an oklob sapling
   185 | D        | Killed an oklob sapling
   185 | D        | Reached skill level 8 in Stealth
   185 | D        | Reached skill level 5 in Hexes
   185 | D        | Reached XP level 3. HP: 16/16 MP: 9/9
   188 | D        | Found the amulet of invisibility {+Inv}
   195 | D        | Reached skill level 9 in Stealth
   200 | D        | Succumbed to a worker ant's poison

Vault maps used:
D:        dungeon_sprint_fedhas

Skill      XL: |  1  2  3 |
---------------+----------+-----
Stealth        | 6 8 9 |  9.3
Spellcasting   | 3 4 |  4.0
Hexes          | 4 5 6 |  6.2
Dodging        | 4 |  4.2
Short Blades   | |  1.1

Action                   || total
-------------------------++-------
Melee: Dagger            ||    17
  Use: Potion            ||     1
 Stab: Sleeping          ||     2
Dodge: Dodged            ||     7

Table legend:
 A = Spawn XP
 B = Non-spawn XP
 C = Spawn XP percentage of total XP
 D = Spawn monster count
 E = Non-spawn monster count
 F = Spawn count percentage of total count
 G = Total turns spent on level
                    A         B        C        D         E        F      G
               +---------+---------+-------+---------+---------+-------+---------
         Total |       0 |      86 |   0.0 |       0 |       4 |   0.0 |   200
               +---------+---------+-------+---------+---------+-------+---------
             D |       0 |      86 |   0.0 |       0 |       4 |   0.0 |   200
               +---------+---------+-------+---------+---------+-------+---------
